 Dungeon Crawl Stone Soup version 0.31.0-12-g77e489cdc1 (webtiles) character file.

Game seed: 7709097901435295906

350 Couri the Shooter (level 6, -7/56 HPs)
             Began as a Minotaur Hunter on Feb 21, 2024.
             Mangled by an iguana (13 damage)
             ... on level 5 of the Dungeon on Feb 25, 2024.
             The game lasted 00:15:42 (3120 turns).

Couri the Shooter (Minotaur Hunter)                 Turns: 3120, Time: 00:15:42

Health: -7/56      AC:  3    Str: 16    XL:     6   Next: 33%
Magic:  5/5        EV: 12    Int:  6    God:
Gold:   166        SH:  0    Dex: 15    Spells: 5/5 levels left

rFire   . . .        a - +0 shortbow
rCold   . . .        (shield currently unavailable)
rNeg    . . .        c - +0 leather armour
rPois   .            (helmet restricted)
rElec   .            (no cloak)
rCorr   .            (no gloves)
SInv    .            (no boots)
Will    .....        (no amulet)
Stlth   +            (no ring)
HPRegen 0.29/turn    (no ring)
MPRegen 0.09/turn

%: no passive effects
@: no status effects
A: horns 2, retaliatory headbutt
a: no special abilities


You were on level 5 of the Dungeon.
You visited 1 branch of the dungeon, and saw 5 of its levels.

You collected 166 gold pieces.

Inventory:

Hand Weapons
 a - a +0 shortbow (weapon)
 h - a +0 short sword of draining
 p - a +0 falchion
 u - a +0 hand axe
Missiles
 l - 9 javelins
 q - a throwing net
Armour
 c - a +0 leather armour (worn)
 m - the +4 ring mail of Makhleb's Castigation {Int+2 Dex+5}
   (You found it on level 2 of the Dungeon)

   Int+2:     It affects your intelligence (+2).
   Dex+5:     It affects your dexterity (+5).
Wands
 s - a wand of quicksilver (5)
Scrolls
 b - a scroll of immolation {unknown}
 g - 2 scrolls of fear {unknown}
 i - 2 scrolls of enchant armour {unknown}
 j - 2 scrolls of teleportation {unknown}
 k - a scroll of vulnerability {unknown}
 n - 3 scrolls of identify {unknown}
 r - 2 scrolls of poison {unknown}
Potions
 d - 2 potions of curing
 e - a potion of enlightenment {unknown}
 f - a potion of haste {unknown}
 o - a potion of heal wounds {unknown}
 t - a potion of lignification {unknown}


   Skills:
 + Level 5.1 Fighting
 * Level 7.3 Ranged Weapons
 - Level 2.1 Dodging
 - Level 0.7 Stealth


You had 5 spell levels left.
You didn't know any spells.
Your spell library contained the following spells:

 Spells                   Type           Power      Damage    Failure   Level
 Apportation              Tloc           0%         N/A       52%         1
 Slow                     Hex            0%         N/A       52%         1
 Cigotuvi's Dreadful Rot  Necr/Alch/Air  0%         N/A       67%         2
 Jinxbite                 Hex            0%         N/A       67%         2
 Confusing Touch          Hex            0%         N/A       88%         3
 Sigil of Binding         Hex            0%         N/A       88%         3
 Vampiric Draining        Necr           0%         2d6       88%         3
 Dispel Undead            Necr           0%         3d6       99%         4
 Ignite Poison            Fire/Alch      0%         N/A       99%         4
 Martyr's Knell           Necr/Summ      0%         N/A       99%         4
 Alistair's Intoxication  Alch           0%         N/A       100%        5
 Freezing Cloud           Conj/Ice/Air   0%         6-21      100%        5
 Death Channel            Necr           0%         N/A       100%        6


Dungeon Overview and Level Annotations

Branches:
Dungeon (5/15)
 Temple: D:4-7

Altars:

Shops:
D:3 [(*=   D:4 (

Annotations:
D:4 Blork the orc


Innate Abilities, Weirdness & Mutations

You have a pair of horns on your head.
You reflexively headbutt those who attack you in melee.


Message History

The arrow hits the iguana but does no damage.
The iguana is heavily wounded.
Fire: a) +0 shortbow
Press: ? - help, Q - select action, (/) - cycle Shift-Dir - straight line, f - you Really target yourself?
Okay, then.
You see here a +0 giant club.
You hear the slow hiss of a very distant avalanche of sand.
Fire: a) +0 shortbow
Press: ? - help, Q - select action, (/) - cycle Shift-Dir - straight line, f - iguana
Aim: an iguana (heavily wounded, 68% to hit)
You shoot an arrow. The arrow barely misses the iguana.
Unknown command.
Fire: a) +0 shortbow
Press: ? - help, Q - select action, (/) - cycle Shift-Dir - straight line, f/p - iguana
Aim: an iguana (heavily wounded, 68% to hit)
You shoot an arrow.
The arrow hits the iguana but does no damage.
The iguana is heavily wounded.
You shoot an arrow.
The arrow hits the iguana but does no damage.
The iguana is heavily wounded.
The iguana barely misses you. You furiously retaliate!
You headbutt the iguana. You shoot an arrow. The arrow hits the iguana.
The iguana is severely wounded.
The iguana bites you.
You shoot an arrow.
The arrow hits the iguana but does no damage.
The iguana is severely wounded.
The iguana barely misses you.
You shoot an arrow.
The arrow hits the iguana but does no damage.
The iguana is severely wounded.
The iguana bites you but does no damage.
You shoot an arrow. The arrow hits the iguana.
The iguana is almost dead.
The iguana bites you!
* * * LOW HITPOINT WARNING * * *
You shoot an arrow. The arrow barely misses the iguana.
The iguana bites you!
You die...

.......#
......###.
.........
#......# #....?.#
#†#..# ##....
#...## ....#.##
##l..###.#..<....
#@..#<..#.......
#.....###..>....
#...### .......
##.....###†......
#....#...........
#..............##
#....###########
#....# .......#


You could see an iguana.

Vanquished Creatures
  An ogre (D:5)
  A bombardier beetle (D:5)
  A hound (D:5)
  2 orc wizards
  2 gnolls (D:3)
  3 adders
  A dart slug (D:2)
  A ribbon worm (D:2)
  6 orcs
  4 bats
  6 endoplasms
  6 giant cockroaches
  2 goblins
  7 hobgoblins
  9 kobolds
  4 quokkas
  6 ball pythons
  5 frilled lizards
  5 rats
72 creatures vanquished.

Vanquished Creatures (others)
  An orc wizard (D:4)
1 creature vanquished.

Grand Total: 73 creatures vanquished

Notes
Turn   | Place    | Note
-------+----------+-------------------------------------------
     0 | D:1      | Couri the Minotaur Hunter began the quest for the Orb.
     0 | D:1      | Reached XP level 1. HP: 18/18 MP: 0/0
   280 | D:1      | Reached XP level 2. HP: 25/25 MP: 1/1
   653 | D:1      | Reached skill level 5 in Ranged Weapons
   748 | D:1      | Found a faded altar of an unknown god.
   942 | D:2      | Reached XP level 3. HP: 31/31 MP: 2/2
  1353 | D:2      | Identified the +4 ring mail of Makhleb's Castigation {Int+2
                  | Dex+5}
  1716 | D:3      | Found Huxiet's Armour Shoppe.
  1750 | D:3      | Found Pasish's Jewellery Shop.
  1809 | D:3      | Reached XP level 4. HP: 25/40 MP: 3/3
  2096 | D:3      | Reached skill level 6 in Ranged Weapons
  2191 | D:3      | Found Ustyque's General Store.
  2224 | D:3      | Found Liusulex's Antique Weapon Boutique.
  2640 | D:3      | Reached XP level 5. HP: 45/46 MP: 4/4
  2707 | D:4      | Found Biehub's Antique Weapon Boutique.
  3006 | D:4      | Noticed Blork the orc
  3014 | D:5      | Entered Level 5 of the Dungeon
  3056 | D:5      | Noticed an ogre
  3086 | D:5      | Killed an ogre
  3087 | D:5      | Reached skill level 5 in Fighting
  3087 | D:5      | Reached skill level 7 in Ranged Weapons
  3087 | D:5      | Reached XP level 6. HP: 17/56 MP: 5/5
  3120 | D:5      | Mangled by an iguana

Illustrated notes

Levels and vault maps discovered:
D:1:      psy_arrival_conway, layout_loops_corners,
          chequers_ecumenical_altar_grove
D:2:      layout_basic
D:3:      layout_loops_cross, serial_shops, nicolae_square_shop,
          nicolae_shop_hallway_plus, nicolae_shop_gibbet_a_chance,
          nicolae_shop_scrapyard, minmay_cupped
D:4:      layout_basic, yredelemnul_altar_generic, serial_shops, shop, shop,
          shop, shop, nicolae_shop_trees, uniq_blork_the_orc
D:5:      layout_rooms, slow_altar_2, mainiacjoe_overflow_surrounded_room,
          minmay_temple_entry_overgrown, gup_ossuary_entry_pyramid,
          minmay_misc_feat_ornament, uniq_edmund

Skill      XL: |  1  2  3  4  5 |
---------------+----------------+-----
Fighting       | 3 4 5 |  5.1
Ranged Weapons | 5 6 7 |  7.3
Dodging        | |  2.1
Stealth        | |  0.7

Action                     |  1- 3 |  4- 6 || total
---------------------------+-------+-------++-------
  Melee: Shortbow          |       |     1 ||     1
   Fire: Shortbow          |   146 |   100 ||   246
    Use: Scroll            |       |     1 ||     1
         Potion            |       |     1 ||     1
 Armour: Leather armour    |    25 |    51 ||    76
  Dodge: Dodged            |    39 |    33 ||    72
